 Dungeon Crawl Stone Soup version 0.30-a0-722-g3e6e8c874d (webtiles) character file.

Game seed: 832941327748263276

45 ragingrage the Scratcher (level 3, -1/13 (15) HPs)
             Began as a Felid Transmuter on Jan 27, 2023.
             Slain by a goblin
             ... wielding a +0 dagger of draining
             ... led by Robin
              (4 damage)
             ... on level 2 of the Dungeon.
             The game lasted 00:01:40 (800 turns).

ragingrage the Scratcher (Felid Transmuter)          Turns: 800, Time: 00:01:41

HP:   -1/13 (15)    AC:  1    Str:  8    XL:     3   Next: 42%
MP:   7/7           EV: 17    Int: 14    God:
Gold: 54            SH:  0    Dex: 16    Spells: 3/6 levels left
                                        Lives: 0   Deaths: 0

rFire   . . .      SeeInvis +      - Unarmed
rCold   . . .      Faith    .    (shield unavailable)
rNeg    . . .      Spirit   .    (body armour unavailable)
rPois   .          Reflect  .    (helmet unavailable)
rElec   .          Harm     .    (cloak unavailable)
rCorr   .          Rampage  .    (gloves unavailable)
Will    .....                    (boots unavailable)
Stlth   ++                       b - amulet of magic regeneration
HPRegen 0.22/turn                (no ring)
MPRegen 0.50/turn                (no ring)

@: wereblooded, heavily drained, quick
A: very small, claws 1, fangs 3, see invisible, speed 1, shaggy fur 1, stealthy
paws, no weapons or thrown items, no armour, multi-lived
a: no special abilities


You were on level 2 of the Dungeon.
You visited 1 branch of the dungeon, and saw 2 of its levels.

You collected 54 gold pieces.

Inventory:

Jewellery
 b - an amulet of magic regeneration (around neck)
 l - a +6 ring of dexterity
Scrolls
 d - 3 scrolls of identify {unknown}
 e - 2 scrolls of blinking {unknown}
 f - a scroll of acquirement {unknown}
 g - a scroll of magic mapping {unknown}
 j - a scroll of teleportation {unknown}
 k - a scroll of immolation {unknown}
Potions
 a - a potion of lignification
 c - a potion of haste {unknown}
 h - 2 potions of flight {unknown}
 i - a potion of might {unknown}


   Skills:
 - Level 1.0 Fighting
 - Level 2.6 Dodging
 + Level 2.1 Stealth
 + Level 3.6 Unarmed Combat
 - Level 2.0 Spellcasting
 + Level 3.1 Transmutations


You had 3 spell levels left.
You knew the following spells:

 Your Spells              Type           Power      Damage    Failure   Level
a - Beastly Appendage     Tmut           20%        N/A       7%          1
b - Wereblood             Tmut           10%        N/A       10%         2

Your spell library contained the following spells:

 Spells                   Type           Power      Damage    Failure   Level
 Sublimation of Blood     Necr           1%         N/A       34%         2
 Spider Form              Tmut/Pois      5%         N/A       36%         3
 Ice Form                 Ice/Tmut       5%         N/A       77%         4
 Petrify                  Tmut/Erth      5%         N/A       77%         4
 Metabolic Englaciation   Hex/Ice        0%         N/A       100%        5
 Statue Form              Tmut/Erth      3%         N/A       100%        6
 Summon Hydra             Summ           0%         N/A       100%        7


Dungeon Overview and Level Annotations

Branches:
Dungeon (2/15)

Altars:

Annotations:
D:2 Robin


Innate Abilities, Weirdness & Mutations

You have sharp claws.
You have razor-sharp teeth.
You have supernaturally acute eyesight. (SInv)
You cover ground quickly. (Speed+)
You are covered in fur. (AC +1)
Your paws help you pounce on unaware monsters.
You are incapable of wielding weapons or throwing items.
You cannot wear armour.
You gain extra lives every three experience levels.


Message History

You howl as the wereblood boils in your veins!
Robin shouts!
You hear a shout! x2
Items here: ))) †††.
You closely miss the goblin. The goblin closely misses you.
You closely miss the goblin.
Your horns disappear.
The goblin hits you with a +0 club. Robin throws the goblin at you!
You scratch the goblin. Your bite misses the goblin.
The goblin is moderately wounded.
The goblin closely misses you.
Your magical contamination has completely faded away.
You howl as the wereblood boils in your veins!
You scratch the goblin.
The goblin is severely wounded.
The goblin completely misses you.
Robin roars a battlecry!
The goblin goes into a battle-frenzy!
You claw the goblin!
You feel a bit better.
You kill the goblin!
You claw Robin!
Robin is heavily wounded.
You hear a shout! x2
Robin closely misses you.
You scratch Robin but do no damage.
Robin is heavily wounded.
Robin throws the goblin at you!
The goblin hits you with a +0 dagger of draining.
You feel drained.
You scratch Robin.
Robin is almost dead.
Robin barely misses you.
The goblin hits you with a +0 dagger of draining.
* * * LOW HITPOINT WARNING * * *
You feel drained.
* * * LOW HITPOINT WARNING * * *
You scratch Robin.
Robin is almost dead.
Robin hits you but does no damage.
The goblin hits you with a +0 dagger of draining.
You die...

..................# #.#
######.####.#########(#
#........##.# #...#
#.#########.# #.###
#....#...##.# #<#
#.####.#.##.# ###
#......#.##.#
#########g##.#
#........ #@##.#
#........##g##.#
+....).....g##.#
#.....g..#####.# ##
#........#.....# ..
#........#.....# ###.
#†####'##.....#
#...###.............#
....g..g..##g.......#


You could see Robin, a hobgoblin (strong) and a goblin (strong).

Vanquished Creatures
  An adder (D:2)
  A worm (D:2)
  3 endoplasms
  3 hobgoblins
  A quokka (D:1)
  4 ball pythons (D:1)
  3 bats
  11 goblins
  A kobold (D:1)
  3 rats (D:1)
31 creatures vanquished.

Notes
Turn   | Place    | Note
-------+----------+-------------------------------------------
     0 | D:1      | ragingrage the Felid Transmuter began the quest for the
                  | Orb.
     0 | D:1      | Reached XP level 1. HP: 9/9 MP: 4/4
   270 | D:1      | Reached XP level 2. HP: 12/12 MP: 6/6
   355 | D:1      | Reached skill level 1 in Stealth
   363 | D:1      | Learned a level 2 spell: Wereblood
   590 | D:2      | Reached XP level 3. HP: 15/15 MP: 5/7
   641 | D:2      | Found the +6 Majin-Bo {spellvamp, MP+6 Int+6}
   710 | D:2      | Noticed Robin
   800 | D:2      | Slain by a goblin

Illustrated notes

Levels and vault maps discovered:
D:1:      dpeg_arrival_water_temple_mockup, layout_rooms, minmay_bisected
D:2:      layout_basic, basic_altar, uniq_robin

Skill      XL: |  1  2  3 |
---------------+----------+-----
Stealth        | 1 2 |  2.1
Transmutations | 3 |  3.1
Fighting       | |  1.0
Dodging        | |  2.6
Unarmed Combat | |  3.6
Spellcasting   | |  2.0

Action                     || total
---------------------------++-------
  Melee: Unarmed           ||    66
         Bite              ||    12
         Headbutt          ||     3
   Cast: Beastly Appendage ||    11
         Wereblood         ||     7
   Stab: Sleeping          ||     2
 Armour: Skin              ||     4
  Dodge: Dodged            ||    39

Table legend: (Time is in decaauts)
 A = Elapsed time spent in this place.
 B = Non-inter-level travel time spent in this place.
 C = Inter-level travel time spent in this place.
 D = Time resting spent in this place.
 E = Time spent auto-exploring this place.
 F = Levels seen in this place.
 G = Mean time per level.
                   A        B        C        D        E       F      G
               +--------+--------+--------+--------+--------+-----+--------+
         Total |    693 |    665 |     28 |    127 |    299 |   2 |  346.5 |
       Dungeon |    693 |    665 |     28 |    127 |    299 |   2 |  346.5 |
               +--------+--------+--------+--------+--------+-----+--------+

Top non-repeatable levels by time:
     D:1: 522 daAuts
     D:2: 170 daAuts
